 Dungeon Crawl Stone Soup version 0.17-a0-1996-gd2c0ec8 (webtiles) character file.

518 Ghalim the Cudgeler (level 7, 0/56 HPs)
             Began as a Human Fighter on Oct 8, 2015.
             Slain by a shadow imp (2 damage)
             ... on level 4 of the Dungeon.
             The game lasted 00:18:20 (5810 turns).

Ghalim the Cudgeler (Human Fighter)                 Turns: 5810, Time: 00:18:21

Health: 0/56       AC:  7    Str: 19    XL:     7   Next: 45%
Magic:  7/7        EV:  8    Int:  8    God:
Gold:   297        SH:  9    Dex: 12    Spells: 0 memorised, 6 levels left

rFire  . . .     SeeInvis .     a - +0 flail
rCold  + . .     Clarity  .     f - +2 ring mail {rC+}
rNeg   . . .     SustAt   .     c - +0 shield
rPois  +         Gourm    .     (no helmet)
rElec  .         Spirit   .     (no cloak)
rCorr  .         Warding  .     (no gloves)
rMut   .         Stasis   .     (no boots)
MR     .....                    l - amulet of faith
Stlth  +.........               (no ring)
                                y - ring of poison resistance

@: about to teleport, not resistant to hostile enchantments, very unstealthy
A: no striking features
a: no special abilities


You were on level 4 of the Dungeon.
You were hungry.

You visited 1 branch of the dungeon, and saw 5 of its levels.
You also visited: Ossuary.

You collected 297 gold pieces.

Inventory:

Hand Weapons
 a - a +0 flail (weapon)
Armour
 c - a +0 shield (worn)
 f - a +2 ring mail of cold resistance (worn)
Jewellery
 l - an amulet of faith (around neck)
 y - a ring of poison resistance (left hand)
Scrolls
 g - 2 scrolls of amnesia
 h - a scroll of blinking {unknown}
 k - 3 scrolls of remove curse
 o - a scroll of fog
 u - 2 scrolls of recharging
Potions
 b - a potion of experience {unknown}
 d - a potion of flight {unknown}
 q - a potion of magic
 t - a potion of haste {unknown}
 v - 3 potions of cancellation
 w - 2 potions of invisibility
 x - 2 potions of agility
 A - a potion of berserk rage {unknown}
 B - a potion of brilliance {unknown}
Books
 n - a book of Maledictions

   Spells                             Type                      Level
   a - Corona                         Hexes                        1
   b - Ensorcelled Hibernation        Hexes/Ice                    2
   c - Confuse                        Hexes                        3
   d - Tukima's Dance                 Hexes                        3
   e - Dazzling Spray                 Conjuration/Hexes            3
Comestibles
 e - 5 bread rations
 i - 2 meat rations
 z - a slice of pizza


   Skills:
 * Level 5.3 Fighting
 + Level 6.2 Maces & Flails
 - Level 3.0 Armour
 - Level 3.0 Shields


You had 6 spell levels left.
You didn't know any spells.

Dungeon Overview and Level Annotations

Branches:
Dungeon (5/15)
 Temple: D:4-7

Altars:
Ashenzari
Nemelex Xobeh
Vehumet
Xom
The Shining One

Shops:
D:4 :

Annotations:
D:3 Ultraviolent4's ghost, amateur HuIE
D:4 Prince Ribbit; wearedevo's ghost, amateur CeHu


Message History

As you read the scroll labeled DEYMILOKKO, it crumbles to dust.
The creatures around you are filled with an inner flame!
It was a scroll of immolation.
You block Prince Ribbit's attack. You block the shadow imp's attack.
You hit Prince Ribbit.
Prince Ribbit is moderately wounded.
Prince Ribbit hits you!
* * * LOW HITPOINT WARNING * * *
You block the shadow imp's attack. Prince Ribbit hits you!
* * * LOW HITPOINT WARNING * * *
Read which item? (? for menu, Esc to quit)
Okay, then.
Drink which item? (? for menu, Esc to quit)
Okay, then.
Read which item? (? for menu, Esc to quit)
As you read the scroll labeled GARPHOGIRRA, it crumbles to dust.
You feel strangely unstable.
It was a scroll of teleportation.
You block Prince Ribbit's attack. You block the shadow imp's attack.
The shadow imp hits you.
You die...

#..##### ##.## # #..#
## ##.## ##. #..# ##..
#..# ##..# ##.########
##..##
#..##[...######..##
#..@F.......##..##
##..)5[......[[.##
#............[).##
##)...............#
###.####.........##.##
##..## ############..#
#..## ##.# #### ###


You could see Prince Ribbit (inner flame) and a shadow imp (inner flame).

Vanquished Creatures
  A crimson imp (D:4)
  2 worker ants (D:4)
  5 orc wizards (D:4)
  2 big kobold zombies (Ossuary)
  A hound zombie (Ossuary)
  5 mummies
  5 adders
  6 gnolls
  An ooze (D:1)
  2 adder zombies (Ossuary)
  A worm (D:2)
  10 orcs
  8 bats
  5 giant cockroaches
  2 gnoll zombies (Ossuary)
  6 hobgoblins
  3 jackals (D:1)
  2 quokkas
  A ball python (D:1)
  A ball python skeleton (D:4)
  A giant gecko (D:4)
  3 giant newts
  11 goblins
  4 kobolds
  A kobold zombie (Ossuary)
  An orc zombie (Ossuary)
  4 rats
  A rat zombie (Ossuary)
95 creatures vanquished.

Vanquished Creatures (others)
  A hound zombie (Ossuary)
  An orc zombie (Ossuary)
2 creatures vanquished.

Grand Total: 97 creatures vanquished

Notes
Turn   | Place    | Note
--------------------------------------------------------------
     0 | D:1      | Ghalim the Human Fighter began the quest for the Orb.
     0 | D:1      | Reached XP level 1. HP: 18/18 MP: 1/1
   118 | D:1      | Reached XP level 2. HP: 22/24 MP: 2/2
   341 | D:1      | Found a glowing golden altar of the Shining One.
   435 | D:1      | Reached XP level 3. HP: 24/29 MP: 3/3
  1132 | D:2      | Reached XP level 4. HP: 21/35 MP: 4/4
  2140 | D:2      | Reached skill level 4 in Maces & Flails
  2447 | D:2      | Found a shimmering altar of Xom.
  2805 | D:3      | Found a sparkling altar of Nemelex Xobeh.
  2805 | D:3      | Noticed Ultraviolent4's ghost (amateur HuIE)
  2884 | D:4      | Found Ryusch's Book Shop.
  2977 | D:4      | Reached XP level 5. HP: 39/41 MP: 5/5
  3033 | D:4      | Found a radiant altar of Vehumet.
  3303 | D:4      | Found a sand-covered staircase.
  3311 | Ossuary  | Entered an ossuary
  3376 | Ossuary  | Reached XP level 6. HP: 8/48 MP: 6/6
  3388 | Ossuary  | Reached skill level 5 in Maces & Flails
  4502 | D:4      | Reached XP level 7. HP: 48/55 MP: 7/7
  4582 | D:4      | Noticed wearedevo's ghost (amateur CeHu)
  4641 | D:3      | Noticed a phantom
  4725 | D:3      | Found a shattered altar of Ashenzari.
  4891 | D:5      | Entered Level 5 of the Dungeon
  4898 | D:5      | Noticed Prince Ribbit
  4985 | D:4      | Reached skill level 5 in Fighting
  5226 | D:4      | Reached skill level 6 in Maces & Flails
  5808 | D:4      | HP: 1/56 [Prince Ribbit (7)]
  5810 | D:4      | Slain by a shadow imp

Vault maps used:
D:1:      lightli_arrival_windingriver, tso_metal_star
D:2:      tgw_xom
D:3:      nemelex_altar_shiori, lemuel_round_altar
D:4:      nicolae_overflow_hidden_temple, serial_shops, shop,
          gup_ossuary_entry_pyramid
D:5:      first_bread, uniq_prince_ribbit1
Ossuary:  ossuary_minmay_tomb_2a

Action                   |  1- 3 |  4- 6 |  7- 9 || total
-------------------------+-------+-------+-------++-------
Melee: Flail             |   139 |   226 |    61 ||   426
  Use: Scroll            |       |     9 |     5 ||    14
       Potion            |       |     5 |       ||     5
  Eat: Chunk             |     1 |     9 |     4 ||    14
       Pizza             |       |     1 |       ||     1
